 Dungeon Crawl Stone Soup version 0.27.1 (webtiles) character file.

Game seed: 89478591542444134

109 Destapler the Grave Robber (level 4, -8/32 HPs)
             Began as a Mummy Necromancer on Aug 31, 2021.
             Mangled by a steam dragon (10 damage)
             ... on level 3 of the Dungeon.
             The game lasted 00:05:08 (3330 turns).

Destapler the Grave Robber (Mummy Necromancer)      Turns: 3330, Time: 00:05:09

Health: -8/32      AC:  4    Str: 11    XL:     4   Next: 60%
Magic:  1/9        EV: 12    Int: 21    God:
Gold:   112        SH:  0    Dex: 12    Spells: 6/10 levels left

rFire    x . .     SeeInvis .   e - +2 dagger (protect)
rCold    + . .     Faith    .   (no shield)
rNeg     + + +     Spirit   .   a - +0 robe
rPois    ∞         Reflect  .   f - +2 hat
rElec    .         Harm     .   (no cloak)
rCorr    .         Rampage  .   (no gloves)
Will     .....                  (no boots)
Stlth    ++........             (no amulet)
HPRegen  0.10/turn              b - +6 ring of intelligence
MPRegen  0.11/turn              (no ring)

@: no status effects
A: cold resistance 1, negative energy resistance 3, torment resistance 2, heat
vulnerability 1, no potions
a: no special abilities


You were on level 3 of the Dungeon.
You visited 1 branch of the dungeon, and saw 4 of its levels.

You collected 112 gold pieces.

Inventory:

Hand Weapons
 e - a +2 dagger of protection (weapon)
Armour
 a - a +0 robe (worn)
 f - a +2 hat (worn)
Jewellery
 b - a +6 ring of intelligence (left hand)
 d - an amulet of regeneration
Wands
 h - a wand of acid (8) (quivered)
Scrolls
 c - 3 scrolls of identify {unknown}
 g - a scroll of immolation {unknown}
 i - a scroll of noise {unknown}


   Skills:
 + Level 1.6 Fighting
 + Level 2.3 Dodging
 + Level 2.3 Stealth
 + Level 3.6 Spellcasting
 + Level 4.4 Necromancy


You had 6 spell levels left.
You knew the following spells:

 Your Spells              Type           Power      Damage    Failure   Level
a - Pain                  Necr           88%        1d8       1%          1
b - Vampiric Draining     Necr           11%        2d7       6%          3

Your spell library contained the following spells:

 Spells                   Type           Power      Damage    Failure   Level
 Animate Skeleton         Necr           44%        N/A       1%          1
 Summon Small Mammal      Summ           12%        N/A       13%         1
 Animate Dead             Necr           11%        N/A       21%         4
 Call Canine Familiar     Summ           3%         N/A       36%         3
 Summon Guardian Golem    Hex/Summ       3%         N/A       36%         3
 Agony                    Necr           22%        N/A       50%         5


Dungeon Overview and Level Annotations

Branches:
Dungeon (4/15)
 Temple: D:4-7

Altars:

Shops:
D:1 (


Innate Abilities, Weirdness & Mutations

You are immune to poison.
Your flesh is cold resistant. (rC+)
You are immune to negative energy. (rN+++)
You are immune to unholy pain and torment.
You are vulnerable to heat. (rF-)
You do not drink.


Message History

You don't have enough magic to cast this spell.
The steam dragon writhes in agony.
The steam dragon closely misses you. The steam dragon claws you.
The steam dragon writhes in agony.
The steam dragon closely misses you.
The steam dragon claws you but does no damage.
You are too depleted to draw on your mana recklessly!
You barely miss the steam dragon.
The steam dragon is almost dead.
The steam dragon bites you.
The steam dragon claws you but does no damage.
You hit the steam dragon but do no damage.
Your weapon exudes an aura of protection.
The steam dragon is almost dead.
The steam dragon bites you!
* * * LOW HITPOINT WARNING * * *
The steam dragon claws you but does no damage.
You are too injured to fight recklessly!
You hit the steam dragon.
The steam dragon is almost dead.
The steam dragon bites you but does no damage.
The steam dragon closely misses you.
You hit the steam dragon.
The steam dragon is almost dead.
The steam dragon bites you.
* * * LOW HITPOINT WARNING * * *
The steam dragon barely misses you.
There is a stone staircase leading up here.
The steam dragon barely misses you.
The steam dragon claws you but does no damage.
You climb upwards.
There is a stone staircase leading down here.
You can't drink.
Okay, then.
You are too injured to fight recklessly!
Aiming: Corrosive Bolt
Press: ? - help, Shift-Dir - straight line, f - steam dragon
Aim: a steam dragon (almost dead, 71% to hit)
The bolt of acid misses the steam dragon.
The steam dragon bites you!
You die...

#...........#
#.#########.# #.# #.#
#.# #.# ###.#######
#.# #.........# #.#
#.#.#####.# #.#
###########.#.#####.#
#.####
...............D@##.#
#....#
###########.####.##.#
###.## .##### #.#
#.##.# #.#
.....######.####.##.#
#.#
................<##.#
#.#
#....####.#.......#.#
#.# #..###
#.######..#.# #.#
#.## #..#...#..#.#
#.# ..# ##.#...#..#.#
#.#


You could see a steam dragon.

Vanquished Creatures
  2 adders (D:3)
  4 worms
  A dart slug (D:2)
  6 orcs (D:3)
  7 ball pythons
  6 endoplasms
  A giant cockroach (D:2)
  7 goblins
  6 hobgoblins
  3 jackals (D:2)
  4 quokkas
  5 bats (D:1)
  3 frilled lizards
  3 kobolds
  8 rats
66 creatures vanquished.

Notes
Turn   | Place    | Note
-------+----------+-------------------------------------------
     0 | D:1      | Destapler the Mummy Necromancer began the quest for the
                  | Orb.
     0 | D:1      | Reached XP level 1. HP: 13/13 MP: 4/4
   240 | D:1      | Reached XP level 2. HP: 20/20 MP: 3/5
   556 | D:1      | Found Kayl's Antique Weapon Shoppe.
  1189 | D:1      | Reached XP level 3. HP: 25/25 MP: 3/7
  1246 | D:1      | Reached skill level 1 in Fighting
  1436 | D:2      | Learned a level 3 spell: Vampiric Draining
  2252 | D:3      | Reached XP level 4. HP: 30/32 MP: 6/9
  3310 | D:4      | Noticed a steam dragon
  3330 | D:3      | Mangled by a steam dragon

Illustrated notes

Levels and vault maps discovered:
D:1:      erik_arrival_cave_to_civilisation [erik_arrival_cave_to_hall],
          layout_basic, serial_shops, nicolae_diamond_shop, feat_on_display
D:2:      layout_rooms
D:3:      layout_basic, minmay_misc_feat_tower, minmay_randomly_rotated_circles
D:4:      layout_basic, beargit_hepliaklqana_dungeon_heroes, serial_shops, shop,
          nicolae_inconvenience_store, nicolae_shop_competitors_out_of_business,
          kennysheep_mini_moat, hangedman_decor_points, uniq_menkaure,
          uniq_robin

Skill      XL: |  1  2  3 |
---------------+----------+-----
Spellcasting   | 3 |  3.6
Fighting       | 1 |  1.6
Stealth        | 2 |  2.3
Dodging        | 2 |  2.3
Necromancy     | |  4.4

Action                   |  1- 3 |  4- 6 || total
-------------------------+-------+-------++-------
Melee: Dagger            |     9 |    12 ||    21
       Unarmed           |     1 |       ||     1
 Cast: Pain              |    86 |    42 ||   128
       Vampiric Draining |       |     1 ||     1
Evoke: Wand              |       |     1 ||     1
Armor: Robe              |    16 |    10 ||    26
Dodge: Dodged            |    12 |     9 ||    21
